 Dungeon Crawl Stone Soup version 0.31-a0-692-gf03d1854d5 (webtiles) character file.

Game seed: 396121147996750080

707 qw the Shooter (level 7, -3/44 HPs)
             Began as a Gargoyle Hunter on Sept 6, 2023.
             Slain by a killer bee (5 damage)
             ... on level 5 of the Dungeon.
             The game lasted 00:01:09 (3647 turns).

qw the Shooter (Gargoyle Hunter)                    Turns: 3647, Time: 00:01:09

Health: -3/44      AC:  9    Str: 12 (14) XL:     7   Next: 67%
Magic:  7/7        EV: 13    Int:  7 (10) God:
Gold:   104        SH:  0    Dex: 20 (22) Spells: 6/6 levels left

rFire   . . .        Y - +3 shortbow
rCold   . . .        (shield currently unavailable)
rNeg    + . .        d - +1 robe of Precision Catastrophes {Dex+7}
rPois   inf          k - +0 helmet
rElec   +            (no cloak)
rCorr   .            c - +0 pair of gloves
SInv    .            (no boots)
Will    .....        h - amulet of the acrobat
Stlth   ++           (no ring)
HPRegen 0.27/turn    (no ring)
MPRegen 0.10/turn

%: acrobat
@: no status effects
A: sickness immunity, AC +4, negative energy resistance 1, electricity
resistance, torment resistance 1, petrification resistance
a: no special abilities


You were on level 5 of the Dungeon.
You visited 2 branches of the dungeon, and saw 6 of its levels.

You collected 191 gold pieces.
You spent 87 gold pieces at shops.


Innate Abilities, Weirdness & Mutations

You are immune to sickness and miasma.
Your stone body is resilient. (AC +4)
You are immune to poison.
You resist negative energy. (rN+)
You are resistant to electric shocks. (rElec)
You are resistant to unholy torment.
You are immune to petrification.


   Skills:
 - Level 5.3 Fighting
 + Level 7.5 Ranged Weapons
 - Level 1.0 Armour
 - Level 2.2 Dodging
 - Level 1.1 Stealth


You had 6 spell levels left.
You didn't know any spells.
Your spell library was empty.

Inventory:

Hand Weapons
 Y - a +3 shortbow (weapon)
Armour
 c - a +0 pair of gloves (worn)
 d - the +1 robe of Precision Catastrophes (worn) {Dex+7}
   (You found it on level 3 of the Dungeon)

   Dex+7:     It affects your dexterity (+7).
 k - a +0 helmet (worn)
Jewellery
 h - an amulet of the acrobat (around neck)
Potions
 a - a potion of magic {unknown}
 b - a potion of might {unknown}
 e - a potion of enlightenment
 g - 2 potions of curing
 l - a potion of resistance {unknown}

Dungeon Overview and Level Annotations

Branches:
Dungeon (5/15)             Temple (1/1) D:4

Altars:
Cheibriados
Fedhas
Gozag
Hepliaklqana
Kikubaaqudgha
Makhleb
Nemelex Xobeh
Ru
Trog
Uskayaw
Vehumet
Xom
Zin
The Shining One

Shops:
D:3 :**[!

Annotations:
D:2 1 runed translucent door, Crazy Yiuf
D:3 2 transporters


Message History

The killer bee barely misses you.
There is a stone staircase leading up here.
You shoot an arrow. The arrow misses the killer bee.
The killer bee misses you.
The killer bee stings you but does no damage.
The killer bee stings you. x2
You shoot an arrow. The arrow barely misses the killer bee.
The killer bee stings you. x2
The killer bee stings you but does no damage.
The killer bee stings you.
You shoot an arrow.
The arrow closely misses the killer bee.
The killer bee stings you but does no damage.
The killer bee misses you. The killer bee barely misses you.
The killer bee closely misses you.
You shoot an arrow. The arrow hits the killer bee.
The killer bee is moderately wounded.
The killer bee stings you but does no damage.
The killer bee closely misses you. The killer bee misses you.
The killer bee barely misses you.
You shoot an arrow.
The arrow closely misses the killer bee.
The killer bee barely misses you. The killer bee stings you.
The killer bee stings you but does no damage.
The killer bee closely misses you.
You shoot an arrow. The arrow barely misses the killer bee.
The killer bee stings you. x2; The killer bee barely misses you.
The killer bee stings you but does no damage.
You shoot an arrow. The arrow barely misses the killer bee.
The killer bee closely misses you. The killer bee barely misses you.
The killer bee stings you! The killer bee barely misses you.
You shoot an arrow. The arrow hits the killer bee.
The killer bee is heavily wounded.
The killer bee misses you. The killer bee stings you.
The killer bee closely misses you. x2
You shoot an arrow.
The arrow closely misses the killer bee.
The killer bee barely misses you. The killer bee completely misses you.
The killer bee misses you. The killer bee stings you.
You die...

#####.##.#
#.@y......
#y###..<..
#. .## ..
###


You could see 2 killer bees.

Vanquished Creatures
  Sigmund (D:3)
  A phantom (D:4)
  Blork the orc (D:4)
  2 scorpions (D:4)
  3 killer bees (D:4)
  A hound (D:4)
  An iguana (D:3)
  Robin (D:4)
  3 adders
  An ufetubus (D:3)
  2 dart slugs
  4 ball pythons
  7 endoplasms
  4 giant cockroaches
  9 goblins
  11 hobgoblins
  5 jackals (D:2)
  3 quokkas
  2 bats (D:2)
  A frilled lizard (D:3)
  9 kobolds
  2 rats
74 creatures vanquished.

Notes
Turn   | Place    | Note
-------+----------+-------------------------------------------
     0 | D:1      | qw the Gargoyle Hunter began the quest for the Orb.
     0 | D:1      | Reached XP level 1. HP: 12/12 MP: 1/1
     0 | D:1      | 0 ||| qw: Version: 0.3-a-76-g4403597
     0 | D:1      | 0 ||| qw: Game counter: 130
     0 | D:1      | 0 ||| qw: Melee chars always use a shield: true
     0 | D:1      | 0 ||| qw: God list: Okawaru
     0 | D:1      | 0 ||| qw: Allow faded altars: false
     0 | D:1      | 0 ||| qw: Do Orc after clearing Dungeon:15 true
     0 | D:1      | 0 ||| qw: Do second Lair branch before Depths: true
     0 | D:1      | 0 ||| qw: Lair rune preference: random
     0 | D:1      | 0 ||| qw: Goals: Normal
     0 | D:1      | 0 ||| PLANNING D:1-11
   364 | D:1      | Reached XP level 2. HP: 17/17 MP: 2/2
   501 | D:1      | 501 ||| UPGRADING to +0 ring mail.
   511 | D:1      | 511 ||| DROPPING +0 leather armour.
   512 | D:1      | 512 ||| READING scroll labelled VEJ NEKHOSMIOJ.
   513 | D:1      | 513 ||| READING scroll labelled BUOFOTUVEN.
   514 | D:1      | 514 ||| READING scroll labelled YLUKLU LETH.
   515 | D:1      | 515 ||| READING scroll labelled KEFFIOTOPT.
   516 | D:1      | 516 ||| READING scroll labelled WUDEEMP QAPA.
   517 | D:1      | 517 ||| DROPPING scroll of butterflies.
   544 | D:2      | Found a hazy altar of Hepliaklqana.
   639 | D:2      | 639 ||| FLEEEEING.
   640 | D:2      | 640 ||| FLEEEEING.
   641 | D:2      | 641 ||| FLEEEEING.
   642 | D:2      | 642 ||| FLEEEEING.
   643 | D:2      | 643 ||| FLEEEEING.
   644 | D:2      | 644 ||| FLEEEEING.
   647 | D:2      | 647 ||| FLEEEEING.
   648 | D:2      | 648 ||| FLEEEEING.
   649 | D:2      | 649 ||| FLEEEEING.
   721 | D:2      | Reached skill level 1 in Armour
   850 | D:2      | Reached XP level 3. HP: 21/21 MP: 3/3
   927 | D:2      | Found a faded altar of an unknown god.
   956 | D:2      | 956 ||| READING scroll of enchant weapon.
   956 | D:2      | 956 ||| ENCHANTING +1 shortbow.
  1021 | D:2      | Reached skill level 5 in Ranged Weapons
  1042 | D:2      | Found a runed translucent door.
  1043 | D:2      | Noticed Crazy Yiuf
  1136 | D:2      | 1136 ||| FLEEEEING.
  1137 | D:2      | 1137 ||| FLEEEEING.
  1138 | D:2      | 1138 ||| FLEEEEING.
  1139 | D:2      | 1139 ||| FLEEEEING.
  1140 | D:2      | 1140 ||| FLEEEEING.
  1141 | D:2      | 1141 ||| FLEEEEING.
  1226 | D:2      | 1226 ||| READING scroll of enchant weapon.
  1226 | D:2      | 1226 ||| ENCHANTING +2 shortbow.
  1581 | D:2      | 1581 ||| READING scroll labelled KISHRA VIXTUMUA.
  1582 | D:2      | 1582 ||| READING scroll labelled TUIBBE WUMU.
  1585 | D:2      | 1585 ||| READING scroll labelled GOENIU IWIWNOX.
  1586 | D:2      | 1586 ||| DRINKING 2 lumpy yellow potions.
  1587 | D:2      | 1587 ||| DRINKING 2 red potions.
  1729 | D:3      | Found Punacod's Book Boutique.
  1732 | D:3      | Noticed Sigmund
  1740 | D:3      | Killed Sigmund
  1741 | D:3      | Reached XP level 4. HP: 23/31 MP: 4/4
  1741 | D:3      | Reached XP level 5. HP: 27/35 MP: 5/5
  1796 | D:3      | Found a transporter.
  1796 | D:3      | Found Etosuu's Assorted Antiques.
  1824 | D:3      | Found a transporter.
  1878 | D:3      | Found Ucloragh's Armour Boutique.
  1886 | D:3      | 1886 ||| BUYING +0 pair of gloves (54 gold).
  1886 | D:3      | Bought a +0 pair of gloves for 54 gold pieces
  1967 | D:3      | Found Direat's Distillery.
  1974 | D:3      | 1974 ||| SHOPLISTING 2 potions of curing (66 gold, have
                  | 60).
  1974 | D:3      | 1974 ||| BUYING potion of curing (33 gold).
  1974 | D:3      | Bought a potion of curing for 33 gold pieces
  1974 | D:3      | 1974 ||| SHOPLISTING potion of heal wounds (55 gold, have
                  | 27).
  1974 | D:3      | 1974 ||| SHOPLISTING potion of resistance (110 gold, have
                  | 27).
  2259 | D:3      | Reached XP level 6. HP: 40/40 MP: 6/6
  2296 | D:3      | Identified the +1 robe of Precision Catastrophes {Dex+7}
  2531 | D:3      | Found Lemicoa's General Store.
  2539 | D:3      | 2539 ||| SHOPLISTING potion of curing (42 gold, have 33).
  2539 | D:3      | 2539 ||| SHOPLISTING potion of enlightenment (70 gold, have
                  | 33).
  2539 | D:3      | 2539 ||| SHOPLISTING potion of mutation (112 gold, have
                  | 33).
  2574 | D:3      | 2574 ||| UPGRADING to +0 pair of gloves.
  2579 | D:3      | 2579 ||| UPGRADING to +1 robe of Precision Catastrophes
                  | {Dex+7}.
  2589 | D:3      | 2589 ||| DROPPING +0 ring mail.
  2611 | D:4      | Noticed Blork the orc
  2619 | D:4      | Killed Blork the orc
  2739 | D:4      | Reached skill level 6 in Ranged Weapons
  2830 | D:4      | Reached XP level 7. HP: 44/44 MP: 7/7
  3019 | D:4      | Noticed Robin
  3024 | D:4      | Killed Robin
  3316 | D:4      | Reached skill level 7 in Ranged Weapons
  3323 | D:4      | Found a staircase to the Ecumenical Temple.
  3324 | D:4      | 3324 ||| PLANNING TEMPLE
  3324 | D:4      | 3324 ||| UPGRADING to +0 helmet.
  3329 | D:4      | 3329 ||| UPGRADING to amulet of the acrobat.
  3334 | D:4      | 3334 ||| READING scroll labelled TATEOL QUBB.
  3335 | D:4      | 3335 ||| DRINKING 2 brown potions.
  3336 | D:4      | 3336 ||| DROPPING potion of degeneration.
  3345 | Temple   | Entered the Ecumenical Temple
  3346 | Temple   | 3346 ||| PLANNING D:1-11
  3485 | D:5      | Entered Level 5 of the Dungeon
  3487 | D:5      | 3487 ||| STAIRDANCE
  3489 | D:4      | 3489 ||| Stepping ~*~*~tactically~*~*~ (retreating).
  3490 | D:4      | 3490 ||| Stepping ~*~*~tactically~*~*~ (retreating).
  3495 | D:4      | HP: 11/44 [killer bee (2)]
  3496 | D:4      | 3496 ||| READING scroll of teleportation.
  3644 | D:5      | HP: 10/44 [killer bee (5)]
  3645 | D:5      | HP: 2/44 [killer bee (8)]
  3647 | D:5      | Slain by a killer bee

Levels and vault maps discovered:
D:1:      eino_arrival_druids_welcome, layout_rooms, serial_corexii_hall,
          corexii_hall_statues_x, chequers_hall_statues_corner_a,
          corexii_hall_statues_i, chequers_hall_statues_corner_a
D:2:      layout_basic, basic_altar, shapermc_ecumenical_altar_totnotflames,
          uniq_crazy_yiuf_cottage
D:3:      minmay_octagon_keep, layout_loops_corners, serial_shops, shop,
          nicolae_shop_crystal, nicolae_shop_stone, shop,
          nicolae_shop_drivethru, hex_tiny, uniq_sigmund
D:4:      layout_cave_pods, minmay_temple_entry_trees, uniq_robin,
          uniq_blork_the_orc
D:5:      layout_loops_cross, chequers_temple_overflow_minitemple,
          gammafunk_ghost_icy, minmay_a_box_with_orc_wizards_in_it
Temple:   nicolae_temple_ecumenical_triangle

Skill      XL: |  1  2  3  4  5  6  7 |
---------------+----------------------+-----
Armour         | 1 |  1.0
Ranged Weapons | 5 6 7 |  7.5
Fighting       | 5 |  5.3
Dodging        | 2 |  2.2
Stealth        | |  1.1

Action                     |  1- 3 |  4- 6 |  7- 9 || total
---------------------------+-------+-------+-------++-------
   Fire: Shortbow          |   108 |    76 |    44 ||   228
    Use: Scroll            |    10 |       |     2 ||    12
         Potion            |     2 |       |     1 ||     3
 Armour: Leather armour    |     1 |       |       ||     1
         Ring mail         |    30 |     5 |       ||    35
         Robe              |       |    12 |    36 ||    48
  Dodge: Dodged            |    32 |    26 |    39 ||    97

Table legend:
 A = Non-vault XP
 B = Vault XP
 C = Vault XP percentage of total XP
 D = Non-vault monster count
 E = Vault monster count
 F = Vault count percentage of total count
                 A         B        C        D         E       F
            +---------+---------+-------+---------+---------+-------
      Total |     643 |     368 |  36.4 |      52 |      22 |  29.7
            +---------+---------+-------+---------+---------+-------
        D:1 |      13 |       0 |   0.0 |       7 |       0 |   0.0
        D:2 |      52 |       0 |   0.0 |      22 |       0 |   0.0
        D:3 |      65 |     252 |  79.5 |      12 |      12 |  50.0
        D:4 |     513 |     116 |  18.4 |      11 |      10 |  47.6
            +---------+---------+-------+---------+---------+-------
